 Dungeon Crawl Stone Soup version 0.21-a0-509-gecc5317 (webtiles) character file.

39 Laiders the Cudgeler (level 3, 0/19 HPs)
             Began as a Vine Stalker Fighter on Nov 30, 2017.
             Slain by a jackal (1 damage)
             ... on level 1 of the Dungeon.
             The game lasted 00:02:27 (971 turns).

Laiders the Cudgeler (Vine Stalker Fighter)          Turns: 971, Time: 00:02:28

Health: 0/19       AC: 13    Str: 23    XL:     3   Next: 47%
Magic:  0/4        EV:  6    Int:  9    God:
Gold:   33         SH:  0    Dex: 13    Spells: 2/2 levels left

rFire    . . .     SeeInvis .   a - +0 flail
rCold    . . .     Gourm    .   (no shield)
rNeg     . . .     Faith    .   l - +0 plate armour
rPois    .         Spirit   +   e - +0 helmet
rElec    .         Reflect  .   (no cloak)
rCorr    .         Harm     .   n - +0 pair of gloves
MR       .....                  (no boots)
Stlth    ..........             (no amulet)
HPRegen  0.06/turn              j - ring of wizardry
MPRegen  0.09/turn              (no ring)

@: mighty
A: fangs 2, magic shield, antimagic bite, no potion heal 3, rot immunity
a: no special abilities


You were on level 1 of the Dungeon.
You were not hungry.

You visited 1 branch of the dungeon, and saw 2 of its levels.

You collected 33 gold pieces.

Inventory:

Hand Weapons
 a - a +0 flail (weapon)
Armour
 c - a +0 shield
 e - a +0 helmet (worn)
 l - a +0 plate armour (worn)
 n - a +0 pair of gloves (worn)
Jewellery
 j - a ring of wizardry (left hand)
 p - an uncursed ring of ice
Scrolls
 b - a scroll of enchant armour {unknown}
 h - 3 scrolls of teleportation {unknown}
 o - 3 scrolls of identify {unknown}
Potions
 i - a potion of flight {unknown}
 k - a potion of heal wounds {unknown}
Comestibles
 f - 3 bread rations
 m - 2 fruits


   Skills:
 - Level 2.6 Fighting
 + Level 3.4 Maces & Flails
 - Level 2.4 Armour
 - Level 2.6 Shields


You had 2 spell levels left.
You didn't know any spells.

Dungeon Overview and Level Annotations

Branches:
Dungeon (2/15)

Altars:

Annotations:
D:2 Robin


Innate Abilities, Weirdness & Mutations

You have extremely sharp teeth.
When hurt, damage is shared between your health and your magic reserves.
Your bite disrupts and absorbs the magic of your enemies.
Potions cannot restore your health.
You are immune to rotting.


Message History

The leopard gecko closely misses you.
You barely miss the leopard gecko. Your bite misses the leopard gecko.
The jackal closely misses you.
The leopard gecko bites you but does no damage.
The jackal bites you but does no damage.
Your plate armour prevents you from hitting the leopard gecko.
The leopard gecko bites you but does no damage.
The jackal completely misses you. The leopard gecko bites you.
The jackal bites you but does no damage.
Your plate armour prevents you from hitting the leopard gecko.
The leopard gecko bites you.
* * * LOW HITPOINT WARNING * * *
The jackal bites you but does no damage.
The jackal bites you but does no damage. x2
The leopard gecko barely misses you.
Things that are here:
a club; a hunting sling; 25 stones Your plate armour prevents you from hitting the jackal.
The jackal bites you.
You die...

#.##.............###[#..######.#
#.#<.≈≈≈≈≈≈≈≈≈≈≈.∩...#..# #.#
..##.............###.#..# #.#
#..##.8.⌠.8.⌠.8.##......# #.#
....#...........#..###..# #.#
#.#.#############.####..# #.#
..................^.....# #.#
.........#.#...#####...## #.#
.........#.#[)lh@.##...#######.#
.........#.#..###.##...........##
.........#......................#
##########.#..###..#......####..#
#.#..###..#...##.# #..#
#.............##.####..#
#.#....................#
#.........#.#.##.......#
##.........#.#.##.......#


You could see a leopard gecko and a jackal.

Vanquished Creatures
  An adder (D:2)
  2 dart slugs (D:1)
  4 goblins
  2 hobgoblins (D:1)
  3 jackals (D:2)
  3 kobolds (D:1)
  A quokka (D:2)
  5 bats (D:1)
  2 frilled lizards (D:1)
  3 rats (D:1)
26 creatures vanquished.

Notes
Turn   | Place    | Note
-------+----------+-------------------------------------------
     0 | D:1      | Laiders the Vine Stalker Fighter began the quest for the Orb.
     0 | D:1      | Reached XP level 1. HP: 11/11 MP: 2/2
   106 | D:1      | Reached skill level 2 in Maces & Flails
   237 | D:1      | Reached XP level 2. HP: 16/16 MP: 3/3
   766 | D:1      | Reached skill level 3 in Maces & Flails
   934 | D:2      | Reached XP level 3. HP: 19/19 MP: 4/4
   952 | D:2      | Noticed Robin
   971 | D:1      | Slain by a jackal

Vault maps used:
D:1:      mainiacjoe_arrival_reflecting_pool, hangedman_decor_growths
D:2:      tso_metal_star, yredelemnul_altar_generic, kennysheep_generic_room_13,
          uniq_robin

Skill      XL: |  1  2 |
---------------+-------+-----
Maces & Flails | 2 3 |  3.4
Fighting       | |  2.6
Armour         | |  2.4
Shields        | |  2.6

Action                   || total
-------------------------++-------
Melee: Flail             ||    88
       Bite              ||    14
  Use: Potion            ||     1
Armor: Scale mail        ||    35
       Plate armour      ||   113
Dodge: Dodged            ||    65

Table legend:
 A = Spawn XP
 B = Non-spawn XP
 C = Spawn XP percentage of total XP
 D = Spawn monster count
 E = Non-spawn monster count
 F = Spawn count percentage of total count
 G = Total turns spent on level
                    A         B        C        D         E        F      G
               +---------+---------+-------+---------+---------+-------+---------
         Total |       0 |      57 |   0.0 |       0 |      26 |   0.0 |   971
               +---------+---------+-------+---------+---------+-------+---------
           D:1 |       0 |      34 |   0.0 |       0 |      20 |   0.0 |   940
           D:2 |       0 |      23 |   0.0 |       0 |       6 |   0.0 |    31
               +---------+---------+-------+---------+---------+-------+---------
